 Dungeon Crawl Stone Soup version 0.28-a0-1395-g4f6bc678fa (webtiles) character file.

Game seed: 17559166398922304490

84 Deminshera the Sneak (level 4, -1/24 HPs)
             Began as a Kobold Venom Mage on Jan 4, 2022.
             Slain by a gnoll (6 damage)
             ... on level 2 of the Dungeon.
             The game lasted 00:04:04 (3214 turns).

Deminshera the Sneak (Kobold Venom Mage)            Turns: 3214, Time: 00:04:05

Health: -1/24      AC:  4    Str:  5    XL:     4   Next: 74%
Magic:  7/8        EV: 15    Int: 18    God:
Gold:   117        SH:  0    Dex: 15    Spells: 2/8 levels left

rFire   + . .      SeeInvis .   b - +0 dagger
rCold   + . .      Faith    .   (no shield)
rNeg    + . .      Spirit   .   a - +0 robe
rPois   +          Reflect  .   (no helmet)
rElec   +          Harm     .   j - +0 cloak
rCorr   +          Rampage  .   h - +0 pair of gloves
Will    .....                   (no boots)
Stlth   +++.......              (no amulet)
HPRegen 0.08/turn               i - ring of positive energy
MPRegen 0.11/turn               (no ring)

@: resistant
A: small, no large weapons, nightstalker 3
a: no special abilities


You were on level 2 of the Dungeon.
You visited 1 branch of the dungeon, and saw 3 of its levels.

You collected 117 gold pieces.

Inventory:

Hand Weapons
 b - a +0 dagger (weapon)
Armour
 a - a +0 robe (worn)
 h - a +0 pair of gloves (worn)
 j - a +0 cloak (worn)
Jewellery
 i - a ring of positive energy (left hand)
Scrolls
 g - 2 scrolls of identify
Potions
 e - 2 potions of flight


   Skills:
 + Level 3.1 Dodging
 + Level 3.7 Stealth
 + Level 2.7 Spellcasting
 + Level 0.1 Conjurations
 + Level 1.9 Transmutations
 + Level 0.9 Air Magic
 + Level 3.4 Poison Magic


You had 2 spell levels left.
You knew the following spells:

 Your Spells              Type           Power      Damage    Failure   Level
a - Sting                 Tmut/Pois      48%        1d5       5%          1
b - Poisonous Vapours     Pois/Air       20%        N/A       11%         2
c - Mephitic Cloud        Conj/Pois/Air  7%         N/A       26%         3

Your spell library contained the following spells:

 Spells                   Type           Power      Damage    Failure   Level
 Olgreb's Toxic Radiance  Pois           14%        N/A       38%         4


Dungeon Overview and Level Annotations

Branches:
Dungeon (3/15)

Altars:


Innate Abilities, Weirdness & Mutations

You are small and have problems with some larger weapons.
You are completely attuned to the shadows.


Message History

You start resting.
Magic restored.
HP restored.
Things that are here:
a +0 flail; a gnoll corpse
There is a stone staircase leading down here.
You climb downwards.
The gnoll completely misses you.
There is a stone staircase leading up here.
The gnoll hits you with a +0 flail! x2
* * * LOW HITPOINT WARNING * * *
You climb upwards.
There is a stone staircase leading down here.
As you read the scroll labelled POETHUNUER, it crumbles to dust.
It is a scroll of identify.
e - 2 potions of flight The gnoll barely misses you.
The gnoll closely misses you.
It was a potion of curing.
You feel better. The gnoll barely misses you.
The gnoll hits you with a +0 flail.
It was a potion of heal wounds.
You feel much better. The gnoll misses you. The gnoll closely misses you.
You barely miss the gnoll. The gnoll barely misses you.
The gnoll closely misses you.
The sting hits the gnoll.
The gnoll is poisoned.
The gnoll is moderately wounded.
The gnoll hits you with a +0 flail!
Ouch! That really hurt!
The gnoll hits you with a +0 flail!
* * * LOW HITPOINT WARNING * * *
You are too injured to fight recklessly!
Unknown command.
Casting: Sting (safe; 5% risk of failure)
Confirm with . or Enter, or press ? or * to list all spells.
The spell is extremely dangerous to miscast (26% risk of failure)!
Continue anyway?
Aiming: Mephitic Cloud (extremely dangerous; 26% risk of failure)
Press: ? - help, Shift-Dir - straight line, p - gnoll
Okay, then.
It was a potion of resistance.
You feel protected. The gnoll hits you with a +0 flail.
You die...

#.# #.# ######## #.####
#.# #......#
#....####.###.####.#
#..#.#...)..#.# #.#
#..#.#.##.#.#.# #.#
######..#.#.#..#.#.# #.#
........#.#.#.##.#.# #.#
#######.#.#.#.##g#.# #.#
...............g@#.# #.#
........#.#.#.####.# #.#
#######.#.#.#...).)# #.#
### #.#.#.###########[#
..#####.#.#........†.##.#
........#.##########.##.#
..#######...# #.##.#
..........#.# #.##.#
..#######.#.# #.##.##


You could see 2 gnolls.

Vanquished Creatures
  A gnoll (D:2)
  2 adders (D:2)
  A worm (D:2)
  3 dart slugs (D:2)
  5 ball pythons
  3 endoplasms
  3 giant cockroaches
  A goblin (D:2)
  3 hobgoblins
  4 jackals (D:2)
  3 quokkas (D:1)
  A bat (D:1)
  4 frilled lizards
  8 kobolds
  5 rats
47 creatures vanquished.

Notes
Turn   | Place    | Note
-------+----------+-------------------------------------------
     0 | D:1      | Deminshera the Kobold Venom Mage began the quest for the
                  | Orb.
     0 | D:1      | Reached XP level 1. HP: 10/10 MP: 3/3
   224 | D:1      | Reached XP level 2. HP: 15/15 MP: 1/5
   388 | D:1      | Found a faded altar of an unknown god.
   744 | D:1      | Learned a level 2 spell: Poisonous Vapours
  1504 | D:1      | Reached XP level 3. HP: 19/19 MP: 4/6
  2684 | D:2      | Reached XP level 4. HP: 24/24 MP: 7/7
  2884 | D:2      | Learned a level 3 spell: Mephitic Cloud
  3214 | D:2      | Slain by a gnoll

Illustrated notes

Levels and vault maps discovered:
D:1:      lightli_iron_boxes, layout_basic, ebering_ecumenical_altar_hall,
          kennysheep_minor_cross, minmay_distorted
D:2:      layout_basic, minmay_tiny_reverse_x
D:3:      layout_rooms, serial_shops, nicolae_shop_advertising_works
          [nicolae_subvault_shop_adworks]

Skill      XL: |  1  2  3 |
---------------+----------+-----
Stealth        | 3 |  3.7
Dodging        | 3 |  3.1
Spellcasting   | |  2.7
Conjurations   | |  0.1
Transmutations | |  1.9
Air Magic      | |  0.9
Poison Magic   | |  3.4

Action                   |  1- 3 |  4- 6 || total
-------------------------+-------+-------++-------
Melee: Dagger            |    30 |    17 ||    47
 Cast: Sting             |    37 |     8 ||    45
       Poisonous Vapours |     6 |       ||     6
  Use: Potion            |       |     3 ||     3
       Scroll            |       |     1 ||     1
 Stab: Sleeping          |     8 |     9 ||    17
Armor: Robe              |    11 |     4 ||    15
Dodge: Dodged            |    29 |    18 ||    47

Table legend: (Time is in decaauts)
 A = Elapsed time spent in this place.
 B = Non-inter-level travel time spent in this place.
 C = Inter-level travel time spent in this place.
 D = Time resting spent in this place.
 E = Time spent auto-exploring this place.
 F = Levels seen in this place.
 G = Mean time per level.
                   A        B        C        D        E       F      G
               +--------+--------+--------+--------+--------+-----+--------+
         Total |   3214 |   3181 |     33 |    887 |   1867 |   3 | 1071.3 |
       Dungeon |   3214 |   3181 |     33 |    887 |   1867 |   3 | 1071.3 |
               +--------+--------+--------+--------+--------+-----+--------+

Top non-repeatable levels by time:
     D:1: 1648 daAuts
     D:2: 1546 daAuts
     D:3: 19 daAuts
